 Dungeon Crawl Stone Soup version 0.28-a0-1213-g0243856f03 (webtiles) character file.

Game seed: 14664303944411725923

16 Abmis123 the Caller (level 2, 20/20 HPs)
             Began as a Demonspawn Summoner on Dec 21, 2021.
             Was a Follower of Okawaru.
             Quit the game on level 1 of the Dungeon.
             The game lasted 00:07:33 (1218 turns).

Abmis123 the Caller (Demonspawn Summoner)           Turns: 1218, Time: 00:07:34

Health: 20/20      AC:  4    Str:  8    XL:     2   Next: 37%
Magic:  5/5        EV: 11    Int: 16    God:    Okawaru [*.....]
Gold:   54         SH:  0    Dex: 13    Spells: 2/5 levels left

rFire   . . .      SeeInvis .   b - +0 hunting sling
rCold   . . .      Faith    .   (no shield)
rNeg    . . .      Spirit   .   e - +0 leather armour
rPois   .          Reflect  .   (no helmet)
rElec   .          Harm     .   (no cloak)
rCorr   .          Rampage  .   (no gloves)
Will    .....                   f - +0 pair of boots
Stlth   ++........              (no amulet)
HPRegen 0.06/turn               (no ring)
MPRegen 0.09/turn               (no ring)

@: no status effects
A: powered by pain 1
a: Renounce Religion, Heroism


You were on level 1 of the Dungeon.
You worshipped Okawaru.
Okawaru was aware of your devotion.
You visited 1 branch of the dungeon, and saw 1 of its levels.

You collected 54 gold pieces.

Inventory:

Hand Weapons
 b - a +0 hunting sling (weapon)
Missiles
 c - 18 stones (quivered ammo)
Armour
 a - a +0 robe
 e - a +0 leather armour (worn)
 f - a +0 pair of boots (worn)
 j - a +0 chain mail
Scrolls
 g - a scroll of teleportation {unknown}
 h - a scroll of enchant armour {unknown}
 i - a scroll of silence {unknown}
Potions
 d - a potion of attraction {unknown}


   Skills:
 + Level 0.9 Fighting
 - Level 1.7 Dodging
 - Level 2.0 Stealth
 + Level 2.2 Spellcasting
 + Level 4.2 Summonings


You had 2 spell levels left.
You knew the following spells:

 Your Spells              Type           Power      Damage    Failure   Level
a - Summon Small Mammal   Summ           60%        N/A       5%          1
b - Call Imp              Summ           15%        N/A       8%          2

Your spell library contained the following spells:

 Spells                   Type           Power      Damage    Failure   Level
 Call Canine Familiar     Summ           Unusable   N/A       N/A         3
 Summon Guardian Golem    Hex/Summ       Unusable   N/A       N/A         3
 Summon Lightning Spire   Summ/Air       Unusable   N/A       N/A         4

Dungeon Overview and Level Annotations

Branches:
Dungeon (1/15)

Altars:
Okawaru

Shops:
D:1 (


Innate Abilities, Weirdness & Mutations

You sometimes gain a little power by taking damage.


Message History

The endoplasm is heavily wounded.
You shoot a stone.
The stone completely misses the endoplasm.
You shoot a stone. The stone hits the endoplasm.
You kill the endoplasm!
No target in view!
c - 17 stones (gained 1)
Found a chain mail.
c - 18 stones (gained 1)
You open the door.
Found a faded altar of an unknown god.
There is an open door here.
There is a faded altar of an unknown god here.
Press: ? - help, v - describe, . - travel
Here: a red devil, wielding a +0 demon trident (petrified, fire blocked by a translucent stone wall)
The floor.
Unknown command.
Press < or > to pray at altars.
There is an open door here.
You see here a +0 chain mail.
j - a +0 chain mail
There is an open door here.
There is a faded altar of an unknown god here.
You cannot tell which god this altar belongs to.
Convert to them anyway?
Okay, then.
You cannot tell which god this altar belongs to.
Convert to them anyway?
Okawaru accepts your prayer! Okawaru welcomes you!
You can now gain great but temporary skills.
There is an open door here.
Done exploring.
Done exploring.
Casting: Summon Small Mammal (safe; 5% risk of failure)
Confirm with . or Enter, or press ? or * to list all spells.
Okay, then.
Casting: Summon Small Mammal (safe; 5% risk of failure)
Confirm with . or Enter, or press ? or * to list all spells.
You cannot coerce anything to answer your summons.
Unknown command.
Are you sure you want to abandon this character and quit the game? (Confirm with "yes".)

.###.......#≈#............#######
...........#≈#............##.....
...........#≈#............##.....
............≈.............##.....
.......####.≈..#####.............
............≈..###.....####......
...........#≈#...................
...........#≈#..........##.....#.
...........###.#@.......##.....#.
.......##### ###.##...#.##..##.#.
.......# #####.##...#..#..##.#.
.......# ##......##.....#..##.##
.......# #........#####.#.....#.
.......####..⌠......#.......####.
#.....##............#.......##...
#.....##......><.∩..#............
#...........................##...


There were no monsters in sight!

Vanquished Creatures
  A dart slug (D:1)
  2 endoplasms (D:1)
  2 giant cockroaches (D:1)
  A hobgoblin (D:1)
  A goblin (D:1)
  A rat (D:1)
8 creatures vanquished.

Vanquished Creatures (collateral kills)
  A giant cockroach (D:1)
  2 jackals (D:1)
  A bat (D:1)
4 creatures vanquished.

Grand Total: 12 creatures vanquished

Notes
Turn   | Place    | Note
-------+----------+-------------------------------------------
     0 | D:1      | Abmis123 the Demonspawn Summoner began the quest for the
                  | Orb.
     0 | D:1      | Reached XP level 1. HP: 13/13 MP: 3/3
   224 | D:1      | Found Enuqipn's Antique Weapon Shop.
   646 | D:1      | Gained mutation: You sometimes gain a little power by
                  | taking damage. [demonic ancestry]
   646 | D:1      | Reached XP level 2. HP: 20/20 MP: 5/5
   649 | D:1      | Learned a level 2 spell: Call Imp
  1082 | D:1      | Found a faded altar of an unknown god.
  1082 | D:1      | Noticed a red devil
  1125 | D:1      | Prayed at the altar of an unknown god.
  1125 | D:1      | Became a worshipper of Warmaster Okawaru
  1125 | D:1      | Reached * piety under Okawaru
  1218 | D:1      | Quit the game

Illustrated notes

Levels and vault maps discovered:
D:1:      wander_arrival_desolate, layout_basic, serial_shops, shop,
          dreamdust_ecumenical_altar_sealed_demon,
          chequers_serial_rivers_micro_a, minivault_27

Skill      XL: |  1 |
---------------+----+-----
Stealth        | 2 |  2.0
Fighting       | |  0.9
Dodging        | |  1.7
Spellcasting   | |  2.2
Summonings     | |  4.2

Action                   || total
-------------------------++-------
Melee: Unarmed           ||    19
 Fire: Hunting sling     ||    25
Throw: Stone             ||    14
 Cast: Summon Small Mamm ||     7
Armor: Leather armour    ||    16
Dodge: Dodged            ||    27

Table legend: (Time is in decaauts)
 A = Elapsed time spent in this place.
 B = Non-inter-level travel time spent in this place.
 C = Inter-level travel time spent in this place.
 D = Time resting spent in this place.
 E = Time spent auto-exploring this place.
 F = Levels seen in this place.
 G = Mean time per level.
                   A        B        C        D        E       F      G
               +--------+--------+--------+--------+--------+-----+--------+
         Total |   1223 |   1223 |      0 |     37 |    919 |   1 | 1223.0 |
       Dungeon |   1223 |   1223 |      0 |     37 |    919 |   1 | 1223.0 |
               +--------+--------+--------+--------+--------+-----+--------+

Top non-repeatable levels by time:
     D:1: 1223 daAuts
